 Dungeon Crawl Stone Soup version 0.26.1-2-gb8aa6d0cf2 (webtiles) character file.

Game seed: 18346318560388335700

8886 Gadfly the Slicer (level 11, -18/59 (72) HPs)
             Began as a Halfling Fighter on Feb 14, 2021.
             Was an Elder of Okawaru.
             Killed from afar by Nergalle (40 damage)
             ... with a bolt of negative energy
             ... on level 11 of the Dungeon.
             The game lasted 00:21:30 (13760 turns).

Gadfly the Slicer (Halfling Fighter)               Turns: 13760, Time: 00:21:42

HP:   -18/59 (72)   AC: 17    Str: 20    XL:     11   Next: 64%
MP:   16/16         EV:  6    Int:  6    God:    Okawaru [****..]
Gold: 673           SH: 12    Dex: 15    Spells: 8/10 levels left

rFire    . . .     SeeInvis .   c - +0 short sword (venom)
rCold    + + .     Faith    .   E - +1 kite shield
rNeg     . . .     Spirit   .   v - +0 plate armour (curse)
rPois    .         Reflect  .   x - +2 helmet
rElec    .         Harm     .   o - +0 cloak
rCorr    .         Rampage  .   (no gloves)
Will     .....                  (no boots)
Stlth    ..........             C - amulet of regeneration
HPRegen  0.59/turn              y - ring of protection from cold
MPRegen  0.15/turn              B - ring of protection from cold

@: heavily drained
A: small, mutation resistance 1
a: Renounce Religion, Heroism


You were on level 11 of the Dungeon.
You worshipped Okawaru.
Okawaru was greatly pleased with you.
You visited 2 branches of the dungeon, and saw 12 of its levels.

You collected 673 gold pieces.

Inventory:

Hand Weapons
 a - a +1 rapier
 b - a +0 hunting sling
 c - a +0 short sword of venom (weapon)
Missiles
 h - 70 sling bullets
 j - 444 stones (quivered)
Armour
 o - a +0 cloak (worn)
 v - a cursed +0 plate armour (worn)
 x - a +2 helmet (worn)
 E - a +1 kite shield (worn)
Jewellery
 y - a ring of protection from cold (left hand)
 B - a ring of protection from cold (right hand)
 C - an amulet of regeneration (around neck)
Wands
 F - a wand of iceblast (4)
Scrolls
 e - 2 scrolls of teleportation
 f - 8 scrolls of remove curse
 g - a scroll of enchant weapon
 k - a scroll of summoning
 l - 4 scrolls of enchant armour
 m - 4 scrolls of magic mapping
 r - a scroll of fear
 s - 3 scrolls of fog
 z - 6 scrolls of blinking
 A - 2 scrolls of identify
Potions
 d - 2 potions of might
 i - a potion of berserk rage
 n - 5 potions of lignification
 p - a potion of attraction
 q - 2 potions of curing
 t - a potion of mutation
 u - a potion of heal wounds
 w - 3 potions of flight
 D - a potion of cancellation


   Skills:
 + Level 6.0 Fighting
 * Level 10.3 Short Blades
 + Level 8.2 Slings
 + Level 7.2 Armour
 + Level 7.2 Shields
 + Level 7.4 Invocations
 + Level 6.8 Evocations


You had 8 spell levels left.
You knew the following spells:

 Your Spells              Type           Power        Failure   Level
a - Swiftness             Air            0%           100%        2

Your spell library contained the following spells:

 Spells                   Type           Power        Failure   Level
 Shock                    Conj/Air       0%           100%        1
 Static Discharge         Conj/Air       0%           100%        3
 Airstrike                Air            0%           100%        4
 Leda's Liquefaction      Hex/Erth       0%           100%        4
 Bolt of Magma            Conj/Fire/Erth 0%           100%        5
 Lightning Bolt           Conj/Air       0%           100%        5
 Iron Shot                Conj/Erth      0%           100%        6
 Statue Form              Tmut/Erth      0%           100%        6
 Shatter                  Erth           0%           100%        9


Dungeon Overview and Level Annotations

Branches:
Dungeon (11/15)            Temple (1/1) D:7            Lair (0/6) D:10
    Orc: D:9-12

Altars:
Ashenzari
Cheibriados
Dithmenos
Elyvilon
Fedhas
Gozag
Hepliaklqana
Kikubaaqudgha
Makhleb
Nemelex Xobeh
Okawaru
Qazlal
Ru
Sif Muna
Trog
Uskayaw
Vehumet
Wu Jian
Xom
Yredelemnul
Zin
The Shining One

Portals:
Trove: D:10 (give +4 demon blade)

Annotations:
D:6 4 runed translucent doors, CowFu's ghost, novice HOMo
D:11 Nergalle


Innate Abilities, Weirdness & Mutations

You are small and have problems with some larger weapons.
You are somewhat resistant to further mutation.


Message History

You block the spectral orc warrior's attack.
Unknown command.
You hit Nergalle.
Nergalle is severely wounded.
You block the spectral orc's attack.
The spectral orc warrior hits you with a +0 battleaxe.
Nergalle points at you and mumbles some strange words.
The bolt of negative energy hits you!!
You feel drained.
The bolt of negative energy hits the spectral orc warrior.
The spectral orc warrior completely resists.
The bolt of negative energy hits the spectral orc.
The spectral orc completely resists.
You hit Nergalle but do no damage.
Nergalle looks as sick as possible!
Nergalle is severely wounded.
The spectral orc hits you but does no damage.
You block the spectral orc's attack.
Nergalle points at you and mumbles some strange words.
The bolt of negative energy hits you!!!
You feel drained.
Ouch! That really hurt!
You die...

###################
..................#
...............ZZZ#
################ZZ#
#@Z# #oZ# #ZZ# #..#
#..# ##### #..#
..... ...# .....
...# .....


You could see Nergalle (extremely poisoned), 5 spectral orcs and 4 spectral orc
warriors.

Vanquished Creatures
  An unseen horror (D:11)
  A cyclops (D:10)
  2 trolls
  12 yaks
  3 orc warriors
  2 ice beasts
  3 black bears
  A sky beast (D:5)
  8 ogres
  An eye of draining (D:10)
  12 centaurs
  5 big kobolds
  6 bullfrogs
  3 scorpions
  9 killer bees
  9 wights (D:7)
  2 howler monkeys
  2 bullfrog zombies
  A jelly (D:11)
  8 orc priests
  2 centaur zombies
  4 hounds
  A centaur skeleton (D:8)
  3 orc wizards
  Crazy Yiuf (D:3)
  2 bullfrog skeletons (D:11)
  Jessica (D:2)
  An iguana (D:6)
  5 worker ants
  A hound skeleton (D:8)
  Robin (D:2)
  7 gnolls
  A howler monkey skeleton (D:8)
  9 adders
  A shadow imp (D:5)
  A white imp (D:7)
  An adder skeleton (D:5)
  3 worms (D:3)
  5 dart slugs
  4 leopard geckos
  37 orcs
  A ball python (D:3)
  6 giant cockroaches
  20 goblins
  20 hobgoblins
  4 jackals (D:8)
  4 quokkas
  7 bats
  4 frilled lizards
  31 kobolds
  2 leopard gecko skeletons (D:7)
  A leopard gecko zombie (D:5)
  A quokka zombie (D:3)
  7 rats
290 creatures vanquished.

Vanquished Creatures (others)
  5 fungi
  2 plants (D:10)
7 creatures vanquished.

Grand Total: 297 creatures vanquished

Notes
Turn   | Place    | Note
-------+----------+-------------------------------------------
     0 | D:1      | Gadfly the Halfling Fighter began the quest for the Orb.
     0 | D:1      | Reached XP level 1. HP: 15/15 MP: 1/1
   166 | D:1      | Reached XP level 2. HP: 17/20 MP: 2/2
   360 | D:1      | Reached skill level 1 in Evocations
   372 | D:1      | Reached XP level 3. HP: 25/25 MP: 3/3
   548 | D:1      | Reached skill level 1 in Slings
   633 | D:1      | Reached skill level 3 in Short Blades
   633 | D:1      | Reached skill level 1 in Invocations
  1096 | D:2      | Reached XP level 4. HP: 27/30 MP: 4/4
  1157 | D:2      | Noticed Robin
  1209 | D:2      | Killed Robin
  2070 | D:2      | Reached XP level 5. HP: 32/36 MP: 6/6
  2321 | D:2      | Noticed Jessica
  2327 | D:2      | Killed Jessica
  2734 | D:3      | Found a runed translucent door.
  2735 | D:3      | Noticed Crazy Yiuf
  2899 | D:3      | Reached XP level 6. HP: 42/42 MP: 7/7
  3908 | D:3      | Killed Crazy Yiuf
  4102 | D:4      | Noticed an ogre
  4115 | D:4      | Killed an ogre
  4116 | D:4      | Reached skill level 4 in Short Blades
  4116 | D:4      | Reached XP level 7. HP: 27/46 MP: 7/9
  4355 | D:4      | Got a polished flail
  4356 | D:4      | Identified the +4 flail of Uskayaw's Displeasure {drain,
                  | SInv} (You found it on level 4 of the Dungeon)
  4827 | D:5      | Entered Level 5 of the Dungeon
  5307 | D:5      | Reached XP level 8. HP: 31/52 MP: 10/10
  5677 | D:5      | Found a shimmering blue altar of Sif Muna.
  5745 | D:5      | Reached skill level 5 in Short Blades
  6183 | D:5      | Found a bloodstained altar of Trog.
  7198 | D:6      | Reached XP level 9. HP: 42/58 MP: 12/12
  7373 | D:6      | Found a glowing golden altar of the Shining One.
  7373 | D:6      | Found a runed translucent door.
  7373 | D:6      | Noticed an angel
  7388 | D:6      | Reached skill level 6 in Short Blades
  7547 | D:6      | Found a runed translucent gate.
  7550 | D:6      | Found a runed translucent gate.
  7571 | D:6      | Found a runed translucent gate.
  7578 | D:6      | Noticed CowFu's ghost (novice HOMo)
  8050 | D:7      | Reached skill level 5 in Armour
  8050 | D:7      | Reached skill level 5 in Shields
  8050 | D:7      | Reached skill level 5 in Invocations
  8067 | D:7      | Found a staircase to the Ecumenical Temple.
  8075 | Temple   | Entered the Ecumenical Temple
  8328 | Temple   | Became a worshipper of Warmaster Okawaru
  8527 | D:7      | Reached skill level 5 in Slings
  8527 | D:7      | Reached skill level 5 in Evocations
  9519 | D:8      | Reached skill level 7 in Short Blades
  9575 | D:8      | Reached * piety under Okawaru
  9671 | D:8      | Noticed a troll
  9808 | D:7      | Reached XP level 10. HP: 45/65 MP: 14/14
 10299 | D:8      | Reached skill level 8 in Short Blades
 10421 | D:8      | Found a hide-covered altar of Uskayaw.
 10698 | D:9      | Reached skill level 5 in Fighting
 10753 | D:9      | Learned a level 2 spell: Swiftness
 10805 | D:9      | Reached ** piety under Okawaru
 11594 | D:10     | Entered Level 10 of the Dungeon
 11619 | D:10     | Reached skill level 9 in Short Blades
 11628 | D:10     | Reached *** piety under Okawaru
 11659 | D:10     | Found a staircase to the Lair.
 11828 | D:10     | Reached XP level 11. HP: 63/72 MP: 16/16
 11842 | D:10     | Found a portal to a secret trove of treasure.
 12155 | D:10     | Noticed a cyclops
 12170 | D:10     | Killed a cyclops
 12891 | D:10     | Reached skill level 10 in Short Blades
 13090 | D:11     | Killed an unseen horror
 13090 | D:11     | Reached **** piety under Okawaru
 13090 | D:11     | Received a gift from Okawaru
 13533 | D:11     | Received a gift from Okawaru
 13715 | D:11     | Noticed Nergalle
 13760 | D:11     | Killed from afar by Nergalle

Illustrated notes

Levels and vault maps discovered:
D:1:      amcnicky_arrival_abandoned_market, layout_basic
D:2:      layout_basic, uniq_robin, uniq_jessica
D:3:      layout_basic, minmay_misc_feat_pillars, uniq_crazy_yiuf_cottage
D:4:      layout_basic
D:5:      wad_crossroads, layout_cave_pods, basic_altar, trog_hazing_becter
D:6:      layout_loops_cross, ebering_ghost_rock_garden, lemuel_angel_altar
D:7:      layout_basic, temple_fountains, serial_aquarium,
          aquarium_bridge_straight [aquarium_subvault_bridge,
          aquarium_subvault_balcony, aquarium_subvault_bridge,
          aquarium_subvault_wall], aquarium_window_2,
          aquarium_window_corridor_1, aquarium_window_fake, aquarium_view_2c,
          aquarium_view_2d, aquarium_balcony_1b
D:8:      minmay_diamond_stairs, layout_rooms, overflow_temple_1_default
D:9:      layout_roguey, lightli_orcish_oven
D:10:     layout_basic, grunt_lair_entry_orc_guard_hut,
          nicolae_trove_entry_free_sample
D:11:     layout_long_grid, minmay_misc_feat_cross, uniq_nergalle
Temple:   regret_index_temple_sigil_plot

Skill      XL: |  1  2  3  4  5  6  7  8  9 10 11 |
---------------+----------------------------------+-----
Evocations     | 1 2 3 4 5 6 |  6.8
Slings         | 1 2 3 4 5 7 8 |  8.2
Short Blades   | 3 4 5 7 9 10 | 10.3
Invocations    | 1 2 3 4 5 6 7 |  7.4
Fighting       | 3 4 5 6 |  6.0
Armour         | 4 5 6 7 |  7.2
Shields        | 4 5 6 7 |  7.2

Action                   |  1- 3 |  4- 6 |  7- 9 | 10-12 || total
-------------------------+-------+-------+-------+-------++-------
Melee: Rapier            |   103 |     8 |   106 |    13 ||   230
       Short sword       |       |    60 |       |   632 ||   692
       Dagger            |       |   196 |   508 |    73 ||   777
 Fire: Hunting sling     |       |     3 |    13 |    81 ||    97
Invok: Heroism           |       |       |       |     1 ||     1
  Use: Scroll            |     7 |     6 |     5 |     2 ||    20
       Potion            |       |     3 |     2 |       ||     5
Armor: Scale mail        |    31 |    49 |   110 |       ||   190
       Chain mail        |       |       |    40 |   104 ||   144
       Plate armour      |       |       |       |   254 ||   254
Dodge: Dodged            |    29 |    63 |   173 |   167 ||   432
Block: Kite shield       |    51 |   117 |   355 |   489 ||  1012
